Match 47338831
Unlisted

Match 47338831
End
Panzergrenadier Squad
Selects Panzerjäger Kommand Battlegroup
250 Light Carrier
Panzergrenadier Squad
Construct Light Support Kompanie
Combat Half-tracks
Construct Mechanized Kompanie
Fire Support Elements
Veteran Squad Leaders
Vehicle Survival Package
Selects Blockade Equipment
Selects Tank Busters
Construct Panzerarmee Kommand
Selects Crew Shock Tactics
Panzerjäger Mechanized Group
Selects Crew Shock Tactics
Crew Shock Tactics
Panzer III L Medium Tank
Emergency Repair Kits
Rapid Advance
Crew Shock Tactics
Walking Stuka Rocket Launcher
WilllTHENOOBz
我小叮当今晚要搞事!
moemoe
余寶
Blaston
spinn72
Tanith's Finest
Zannen
0
0

Comments sign in to comment!

No comments posted yet!